 Dungeon Crawl Stone Soup version 0.25.1-2-g60ff931 (webtiles) character file.

Game seed: 9414181155065009301

54 Kurtz the Chopper (level 3, -3/29 HPs)
             Began as a Mummy Chaos Knight on Sept 22, 2020.
             Was a Plaything of Xom.
             Slain by a gnoll (6 damage)
             ... on level 2 of the Dungeon.
             The game lasted 00:00:51 (903 turns).

Kurtz the Chopper (Mummy Chaos Knight)               Turns: 903, Time: 00:00:51

Health: -3/29      AC: 10    Str: 16    XL:     3   Next: 66%
Magic:  3/3        EV:  4    Int: 11    God:    Xom [..*...]
Gold:   44         SH:  0    Dex: 11    Spells: 2/2 levels left

rFire    x . .     SeeInvis .   a - +0 hand axe (chaos)
rCold    + + .     Gourm    .   (no shield)
rNeg     + + +     Faith    .   d - +0 plate armour
rPois    ∞         Spirit   .   (no helmet)
rElec    .         Reflect  .   (no cloak)
rCorr    .         Harm     .   (no gloves)
MR       .....                  (no boots)
Stlth    ..........             (no amulet)
HPRegen  0.09/turn              f - ring of protection from cold
MPRegen  0.08/turn              (no ring)

@: no status effects
A: no food or potions, fire vulnerability, cold resistance 1, negative energy
resistance 3, torment resistance, unbreathing
a: Renounce Religion


You were on level 2 of the Dungeon.
You worshipped Xom.
You were a toy of Xom.
You were not hungry.

You visited 1 branch of the dungeon, and saw 2 of its levels.

You collected 44 gold pieces.

Inventory:

Hand Weapons
 a - a +0 hand axe of chaos (weapon)
Missiles
 g - a throwing net (quivered)
Armour
 b - a +2 leather armour
 d - a +0 plate armour (worn)
Jewellery
 f - a ring of protection from cold (left hand)
Scrolls
 c - a scroll of noise {unknown}
 e - a scroll of identify {unknown}


   Skills:
 - Level 3.0 Fighting
 * Level 3.9 Axes
 - Level 1.5 Armour
 - Level 0.7 Dodging


You had 2 spell levels left.
You didn't know any spells.
Your spell library was empty.

Dungeon Overview and Level Annotations

Branches:
Dungeon (2/15)

Altars:


Innate Abilities, Weirdness & Mutations

You do not eat or drink.
Your flesh is vulnerable to fire.
You are immune to poison.
Your flesh is cold resistant. (rC+)
You are immune to negative energy. (rN+++)
You are immune to unholy pain and torment.
You can survive without breathing.


Message History

You are too injured to fight recklessly!
You are too injured to fight recklessly!
You are too injured to fight recklessly!
You are too injured to fight recklessly!
You are too injured to fight recklessly!
You are too injured to fight recklessly!
You are too injured to fight recklessly!
You are too injured to fight recklessly!
Unknown command.
Your plate armour prevents you from hitting the gnoll.
The gnoll is almost dead.
The gnoll hits you with a +0 halberd!
* * * LOW HITPOINT WARNING * * *
You hit the gnoll. You burn the gnoll.
You kill the gnoll!
Unknown command.
Xom smirks.
You detect creatures!
The gnoll hits you.
You die...
Xom roars with laughter!

)# #.# .# #.# .#
#.# .# #..# #.# .#
#..# #.# ## #..#
#)# #..# #.####
#..# #.gg.#
######..#
####@#######.#
.....#..#
#......|..#
#.......#
#..########
........########..#
#...#.............#
#..#.############.#
#..### #.# #..# #.#
#..# #.#


You could see 2 gnolls.

Vanquished Creatures
  2 gnolls
  An adder (D:2)
  An ooze (D:1)
  A leopard gecko (D:1)
  4 goblins (D:1)
  A hobgoblin (D:1)
  A quokka (D:2)
  A ball python (D:1)
  4 bats
  4 frilled lizards (D:1)
  2 kobolds
  2 rats (D:1)
24 creatures vanquished.

Notes
Turn   | Place    | Note
-------+----------+-------------------------------------------
     0 | D:1      | Kurtz the Mummy Chaos Knight began the quest for the Orb.
     0 | D:1      | Reached XP level 1. HP: 18/18 MP: 1/1
   165 | D:1      | Reached XP level 2. HP: 21/24 MP: 2/2
   429 | D:1      | XOM: divination: detect creatures
   526 | D:1      | Reached XP level 3. HP: 16/29 MP: 3/3
   690 | D:1      | XOM: cloud trail
   741 | D:1      | You fall into a shaft and drop 1 floor!
   808 | D:2      | XOM: divination: detect items
   903 | D:2      | XOM: divination: detect creatures
   903 | D:2      | Slain by a gnoll

Illustrated notes

Levels and vault maps discovered:
D:1:      erik_arrival_triangle_medium, layout_basic, minmay_misc_feat_hallway
D:2:      layout_loops_ring, uniq_terence, uniq_jessica, uniq_robin

Skill      XL: |  1 |
---------------+----+-----
Axes           | 3 |  3.9
Fighting       | |  3.0
Armour         | |  1.5
Dodging        | |  0.7

Action                   || total
-------------------------++-------
Melee: Hand axe          ||    97
Armor: Leather armour    ||    16
       Plate armour      ||    56
Dodge: Dodged            ||    36
